 Dungeon Crawl Stone Soup version 0.24.1 (console) character file.

Game seed: 6651207836516803949, levelgen mode: deterministic

168390 Kagalorn the Spry (level 17, -8/135 HPs)
             Began as a Gnoll Chaos Knight on Apr 2, 2020.
             Was a Plaything of Xom.
             Killed by the raging water
             ... invoked by a water nymph
              (25 damage)
             ... on level 1 of the Shoals.
             The game lasted 02:01:09 (36867 turns).

Kagalorn the Spry (Gnoll Chaos Knight)             Turns: 36867, Time: 02:01:10

Health: -8/135     AC: 18    Str: 14 (17) XL:     17   Next: 65%
Magic:  30/32      EV: 22    Int: 19 (22) God:    Xom [*.....]
Gold:   2819       SH: 19    Dex: 20 (21) Spells: 30/38 levels left

rFire    + . .     SeeInvis .   a - +5 morningstar (flame)
rCold    . . .     Gourm    .   V - +0 shield
rNeg     + . .     Faith    .   M - +4 ring mail "Waurchet" {+Blink rN+}
rPois    +         Spirit   .   T - +1 hat {Int+3}
rElec    .         Reflect  +   I - +0 cloak
rCorr    .         Harm     .   O - +2 pair of gloves
MR       ++...                  (no boots)
Stlth    ++........             k - +3 amulet of reflection
HPRegen  0.32/turn              m - ring of poison resistance
MPRegen  0.23/turn              W - ring of protection from magic

@: studying 2 skills, very slow
A: distributed training, fangs 3, horns 2, large bone plates 1, agile 2, clever
1, fire resistance 1, screaming 1, evolution 1, strong nose
}: 1/15 runes: gossamer
a: Renounce Religion, Evoke Blink


You were on level 1 of the Shoals.
You worshipped Xom.
You were a special plaything of Xom.
You were very hungry.

You visited 6 branches of the dungeon, and saw 29 of its levels.
You visited the Abyss 1 time.
You also visited: Sewer.

You collected 2943 gold pieces.
You spent 124 gold pieces at shops.

Inventory:

Hand Weapons
 a - a +5 morningstar of flaming (weapon)
 P - a +4 dagger of chaos
Missiles
 h - 125 poisoned darts (quivered)
 G - 5 curare-tipped darts
 L - 9 javelins
Armour
 I - a +0 cloak (worn)
 M - the +4 ring mail "Waurchet" (worn) {+Blink rN+}
   (Xom gifted it to you on level 10 of the Dungeon)

   It protects you from negative energy.
   It lets you blink.
 O - a +2 pair of gloves (worn)
 T - a +1 hat of intelligence (worn)
 V - a +0 shield (worn)
Jewellery
 b - a cursed ring of protection from magic
 d - an uncursed ring of resist corrosion
 k - a +3 amulet of reflection (around neck)
 m - a ring of poison resistance (left hand)
 y - an uncursed ring of protection from cold
 U - an uncursed ring of flight
 W - a ring of protection from magic (right hand)
Wands
 j - a wand of clouds (8)
 p - a wand of digging (13)
 t - a wand of enslavement (34)
 x - a wand of paralysis (5)
 H - a wand of scattershot (11)
 Q - a wand of polymorph (25)
 R - a wand of iceblast (5)
 S - a wand of random effects (13)
Scrolls
 e - 13 scrolls of teleportation
 f - 3 scrolls of fog
 g - 6 scrolls of blinking
 i - 6 scrolls of magic mapping
 v - 4 scrolls of amnesia
 D - 3 scrolls of enchant weapon
 F - 9 scrolls of remove curse
 K - 6 scrolls of enchant armour
 Y - a scroll of identify
Potions
 l - 7 potions of flight
 n - 2 potions of cancellation
 o - 8 potions of magic
 q - 9 potions of ambrosia
 s - 6 potions of heal wounds
 u - 9 potions of curing
 z - a potion of mutation
 A - 3 potions of lignification
 B - 2 potions of resistance
 C - 2 potions of agility
 J - 3 potions of haste
 N - 2 potions of berserk rage
 X - 4 potions of brilliance
 Z - 4 potions of might
Books
 w - a manual of
Armour
 E - a manual of Dodging
Miscellaneous
 r - a sack of spiders
Comestibles
 c - 30 rations


   Skills:
 + Level 12.9 Fighting
 + Level 11.4 Short Blades
 + Level 11.4 Long Blades
 + Level 11.4 Axes
 + Level 12.9 Maces & Flails
 + Level 11.4 Polearms
 + Level 11.4 Staves
 + Level 11.4 Slings
 + Level 11.4 Bows
 + Level 11.4 Crossbows
 + Level 11.4 Throwing
 + Level 14.0 Armour
 + Level 15.3 Dodging
 + Level 11.4 Stealth
 + Level 11.4 Shields
 + Level 11.4 Unarmed Combat
 + Level 11.4 Spellcasting
 + Level 9.7 Conjurations
 + Level 9.7 Hexes
 + Level 9.7 Charms
 + Level 9.7 Summonings
 + Level 9.7 Necromancy
 + Level 9.7 Translocations
 + Level 9.7 Transmutations
 + Level 9.7 Fire Magic
 + Level 9.7 Ice Magic
 + Level 9.7 Air Magic
 + Level 9.7 Earth Magic
 + Level 9.7 Poison Magic
   Level 12.3 Invocations
 + Level 11.4 Evocations


You had 30 spell levels left.
You knew the following spells:

 Your Spells              Type           Power        Failure   Level  Hunger
d - Summon Lightning Spi  Summ/Air       #####...     3%          4    ##.....
g - Passwall              Tmut/Erth      #####...     1%          2    None
h - Swiftness             Chrm/Air       #####...     1%          2    None

Your spell library contained the following spells:

 Spells                   Type           Power        Failure   Level  Hunger
 Apportation              Tloc           #####.       1%          1    None
 Beastly Appendage        Tmut           #####.       1%          1    None
 Sandblast                Erth           #####.       1%          1    None
 Shock                    Conj/Air       ####         1%          1    None
 Sting                    Conj/Pois      ####         1%          1    None
 Summon Butterflies       Summ           #####...     1%          1    None
 Summon Small Mammal      Summ           ####         1%          1    None
 Call Imp                 Summ           #####...     1%          2    None
 Poisonous Vapours        Pois/Air       #####.       1%          2    None
 Sticks to Snakes         Tmut           #####...     1%          2    None
 Call Canine Familiar     Summ           #####...     1%          3    None
 Conjure Flame            Conj/Fire      #####...     1%          3    None
 Lesser Beckoning         Tloc           #####.....   1%          3    None
 Mephitic Cloud           Conj/Pois/Air  #####...     1%          3    None
 Spider Form              Tmut/Pois      #####.....   1%          3    None
 Static Discharge         Conj/Air       #####...     1%          3    None
 Stone Arrow              Conj/Erth      #####.       1%          3    None
 Summon Guardian Golem    Hex/Summ       #####...     1%          3    None
 Tukima's Dance           Hex            #####...     1%          3    None
 Airstrike                Air            #####.....   3%          4    ##.....
 Ice Form                 Ice/Tmut       #####...     3%          4    ##.....
 Olgreb's Toxic Radiance  Pois           #####...     3%          4    ##.....
 Passage of Golubria      Tloc           N/A          3%          4    ##.....
 Petrify                  Tmut/Erth      #####...     3%          4    ##.....
 Summon Ice Beast         Ice/Summ       #####...     3%          4    ##.....
 Alistair's Intoxication  Tmut/Pois      #####...     9%          5    ####...
 Blade Hands              Tmut           #####.....   9%          5    ####...
 Bolt of Magma            Conj/Fire/Erth #####.....   9%          5    ####...
 Iskenderun's Battlesphe  Conj/Chrm      #####...     9%          5    ####...
 Lee's Rapid Deconstruct  Erth           #####.....   9%          5    ####...
 Lightning Bolt           Conj/Air       #####.....   9%          5    ####...
 Venom Bolt               Conj/Pois      #####.....   9%          5    ####...
 Darkness                 Hex            #####.....   43%         6    ######.
 Freezing Cloud           Conj/Ice/Air   #####.....   43%         6    ######.
 Invisibility             Hex            #####...     43%         6    ######.
 Iron Shot                Conj/Erth      #####.....   43%         6    ######.
 Orb of Destruction       Conj           #####.....   95%         7    #######
 Ring of Flames           Chrm/Fire      #####.....   95%         7    #######
 Spellforged Servitor     Conj/Summ      #####.....   95%         7    #######


Dungeon Overview and Level Annotations

Branches:
Dungeon (15/15)            Temple (1/1) D:5            Lair (6/6) D:10
 Shoals (1/4) Lair:4       Spider (4/4) Lair:4        Slime (0/5) Lair:6
    Orc (2/2) D:10            Elf (0/3) Orc:2        Vaults (0/5) D:13
 Depths (0/5) D:15          Sewer (visited)

Altars:
Ashenzari
Cheibriados
Dithmenos
Elyvilon
Fedhas
Gozag
Hepliaklqana
Kikubaaqudgha
Makhleb
Nemelex Xobeh
Okawaru
Qazlal
Ru
Sif Muna
Trog
Uskayaw
Vehumet
Wu Jian
Xom
Yredelemnul
Zin
The Shining One
Jiyva

Shops:
D:4 *   D:11 }   D:15 :   Orc:1 =(=!*   Orc:2 =[!%   Shoals:1 *

Annotations:
D:15 1 exclusion, Roxanne
Lair:5 exclusion: 2 oklob plants


Innate Abilities, Weirdness & Mutations

Your experience applies equally to all skills.
You have razor-sharp teeth.
Your uncanny sense of smell can sniff out nearby items.
You have a pair of horns on your head.
You are partially covered in large bone plates. (SH +4)
You are very agile. (Dex +4)
Your mind is acute. (Int +2)
Your flesh is heat resistant. (rF+)
You occasionally shout uncontrollably at your foes.
You evolve.


Message History

The water swirls and strikes you!!
* * * LOW HITPOINT WARNING * * *
The water nymph's watery aura covers Niovurgh's Needful Niceties.
You blink.
Splash!
You feel slightly more hungry.
The merfolk aquamancer casts a spell at you.
The shard of ice hits you!
* * * LOW HITPOINT WARNING * * *
You blink.
Splash!
You feel slightly more hungry.
A merfolk comes into view. It is wielding a +0 trident.
You block the water elemental's attack. The water elemental closely misses you.
The merfolk hits you but does no damage.
The merfolk completely misses you. x2
The water nymph gestures at you while chanting.
The water swirls and strikes you!!
You die...
Xom howls with laughter!

#..P≈≈≈≈P≈≈≈...≈≈≈..≈≈≈≈...##..≈≈
...≈≈≈≈≈≈≈.....≈≈.≈≈≈≈≈≈...).≈≈≈
...≈≈≈≈......§≈≈≈≈≈≈≈≈≈≈..≈≈≈≈
...≈≈........≈≈m≈≈≈≈≈≈≈≈≈≈≈≈≈≈
...≈.........≈≈≈≈≈≈≈≈≈≈≈≈≈≈≈≈≈
...........m≈≈≈≈≈≈≈≈≈≈≈≈≈≈≈≈
.........≈m≈≈≈≈≈≈≈≈≈≈≈≈≈≈≈≈
,#######..≈EES≈≈§≈≈≈≈≈≈≈≈≈≈≈ * *
#####≈≈@mE≈≈≈≈≈≈≈≈≈≈≈≈≈≈
#.###mm≈≈≈≈≈≈≈≈≈≈≈≈≈ ≈≈
##..m(≈≈≈≈≈≈≈≈≈≈≈≈≈≈ ≈≈
##....≈≈.≈≈≈≈≈≈≈≈≈≈≈≈ ≈≈≈
####.≈≈≈≈≈≈≈≈≈≈≈≈≈≈≈≈≈≈≈ ≈≈≈
###.#...≈≈≈≈.≈≈≈≈≈≈≈≈≈≈≈≈≈ ≈≈≈
##*#..≈≈....≈≈.#.≈..≈≈≈≈≈≈≈≈≈ ≈≈≈
..##.≈≈≈m..≈≈≈##....≈≈≈≈≈≈≈ ≈≈≈
.....≈≈m#..≈...##...≈≈≈≈≈≈≈≈≈≈≈≈≈


You could see a sea snake, a merfolk aquamancer, 4 merfolk, 3 water elementals,
a merfolk siren and a water nymph.

Vanquished Creatures
  Gastronok (Lair:2)
  Agnes (D:14)
  Aizul (Spider:2)
  Louise (Spider:1)
  3 ghost moths
  7 emperor scorpions
  2 entropy weavers
  Azrael (D:14)
  An ettin (D:14)
  Fannar (D:10)
  Josephine (D:11)
  9 hydras
  Erolcha (D:12)
  A vault guard (D:13)
  8 two-headed ogres
  A death knight (D:13)
  A centaur warrior (D:13)
  An alligator snapping turtle (Shoals:1)
  A tengu warrior (D:15)
  4 orc high priests (Orc:1)
  A deep elf knight (D:15)
  3 death yaks
  Urug (D:12)
  Sonja (Orc:1)
  A death drake (Spider:2)
  3 skeletal warriors
  2 unseen horrors
  A sea snake (Shoals:1)
  A wizard (D:15)
  3 deep elf magi
  A phantasmal warrior (D:14)
  Pikel (D:4)
  5 harpies
  An orc knight (Orc:1)
  A wolf spider zombie (D:15)
  A faun (Shoals:1)
  17 wolf spiders
  A manticore (D:14)
  5 orc sorcerers
  13 orb spiders
  13 ugly things
  3 moths of wrath
  2 merfolk sirens (Shoals:1)
  A cyclops (D:12)
  An elephant (D:10)
  3 black mambas
  2 torpor snails
  9 spiny frogs
  A water nymph (Shoals:1)
  Psyche (D:7)
  2 gargoyles
  The ghost of kandel6 the Caller, a novice BaSu (D:7)
  A centaur skeleton (D:13)
  A kobold demonologist (D:11)
  8 demonic crawlers
  4 komodo dragons
  2 efreet
  The ghost of hitsuchi the Tainter, a novice OpVM of Vehumet (D:6)
  2 merfolk (Shoals:1)
  10 trolls
  2 polar bears (Lair:6)
  17 jumping spiders
  9 hornets
  Grinder (D:3)
  16 blink frogs
  A blink frog (shapeshifter) (D:15)
  13 slime creatures
  9 dream sheep
  14 hippogriffs
  A vampire (D:7)
  A centaur simulacrum (D:14)
  12 spriggans (Lair:6)
  19 tarantellas
  2 shadows (D:13)
  60 redbacks
  3 wyverns
  14 yaks
  6 wraiths
  5 fire elementals (D:15)
  A human (Lair:1)
  3 hungry ghosts
  5 basilisks
  3 vampire mosquitoes (D:15)
  A swamp worm (Lair:1)
  A soldier ant (D:10)
  4 wargs (Orc:1)
  An acid dragon (D:14)
  A hell hound (D:15)
  14 water moccasins
  16 porcupines
  An ice beast (D:8)
  5 sky beasts
  25 orc warriors
  Purgy (Sewer)
  4 phantoms
  2 eyes of draining
  4 black bears (Lair:6)
  An eye of draining (shapeshifter) (D:5)
  27 wolves
  5 boggarts (Lair:6)
  7 ogres
  5 centaurs
  17 crocodiles
  12 bullfrogs
  6 big kobolds
  6 gnoll sergeants
  2 water moccasin zombies
  5 scorpions
  14 killer bees
  13 wights
  3 electric eels (Lair:2)
  7 crimson imps
  2 centaur zombies (D:11)
  A bullfrog zombie (D:13)
  A quasit (D:14)
  3 jellies
  29 orc priests
  10 hounds
  An iron imp (D:9)
  3 bullfrog skeletons
  7 iguanas
  Ijyb (D:3)
  Terence (D:3)
  11 worker ants
  25 orc wizards
  3 hound zombies
  A mummy (D:7)
  A worker ant zombie (D:10)
  11 gnolls
  A howler monkey skeleton (D:4)
  13 adders
  2 shadow imps
  2 oozes
  An adder zombie (D:9)
  4 worms
  3 dart slugs
  13 leopard geckos
  78 orcs
  5 bats
  19 giant cockroaches
  8 goblins
  9 hobgoblins
  12 jackals
  19 kobolds
  3 quokkas
  2 ball pythons (D:5)
  7 frilled lizards
  2 hobgoblin zombies (D:9)
  3 kobold skeletons (D:9)
  A kobold zombie (D:9)
  A leopard gecko zombie (D:6)
  2 orc skeletons (D:9)
  An orc zombie (D:9)
  10 rats
  A plant (Shoals:1)
938 creatures vanquished.

Vanquished Creatures (collateral kills)
  Arachne (Spider:2)
  2 entropy weavers (Spider:3)
  The ghost of Befuwnopp the Grappler, a journeyman TrHu of Cheibriados (Lair:3)
  An ogre mage (D:15)
  An orb spider (Spider:4)
  2 manticores
  A redback (Spider:4)
  A tarantella (Spider:4)
  A hungry ghost (D:11)
  A vampire mosquito (D:15)
  A swamp worm (Lair:1)
  A water moccasin (Lair:1)
  A kobold (D:3)
  2 bats (D:3)
17 creatures vanquished.

Vanquished Creatures (others)
  A two-headed ogre (D:9)
  A wolf spider (Spider:3)
  A jumping spider (Spider:1)
  A troll (D:10)
  2 orc warriors (D:10)
  2 slaves (D:4)
  A centaur (Shoals:1)
  A scorpion (D:4)
  An orc priest (D:10)
  2 jackals (D:4)
  A kobold (D:12)
  A fire vortex (D:12)
  A fungus (Lair:6)
  8 plants
24 creatures vanquished.

Grand Total: 979 creatures vanquished

Notes
Turn   | Place    | Note
-------+----------+-------------------------------------------
     0 | D:1      | Kagalorn the Gnoll Chaos Knight began the quest for the
                  | Orb.
     0 | D:1      | Reached XP level 1. HP: 23/23 MP: 1/1
    65 | D:1      | XOM: divination: detect items
   104 | D:1      | XOM: smoke on damage
   118 | D:1      | XOM: silly message
   179 | D:1      | Reached XP level 2. HP: 23/29 MP: 2/2
   390 | D:1      | Reached XP level 3. HP: 34/35 MP: 3/3
   693 | D:1      | Reached skill level 1 in Invocations
   775 | D:1      | Reached skill level 1 in Short Blades
   775 | D:1      | Reached skill level 1 in Long Blades
   775 | D:1      | Reached skill level 1 in Axes
   775 | D:1      | Reached skill level 1 in Polearms
   775 | D:1      | Reached skill level 1 in Staves
   775 | D:1      | Reached skill level 1 in Slings
   775 | D:1      | Reached skill level 1 in Bows
   775 | D:1      | Reached skill level 1 in Crossbows
   775 | D:1      | Reached skill level 1 in Throwing
   775 | D:1      | Reached skill level 1 in Stealth
   775 | D:1      | Reached skill level 1 in Shields
   775 | D:1      | Reached skill level 1 in Unarmed Combat
   775 | D:1      | Reached skill level 1 in Spellcasting
   775 | D:1      | Reached skill level 1 in Evocations
   775 | D:1      | Reached XP level 4. HP: 37/41 MP: 5/5
   936 | D:2      | XOM: harmless Necr miscast
   942 | D:2      | XOM: summons 3 hostile shadow creatures
   959 | D:2      | XOM: give mutations
   959 | D:2      | Gained mutation: Your body sometimes deteriorates upon
                  | taking damage. [Xom's mischief]
   959 | D:2      | Gained mutation: Scrolls take you a little longer to read.
                  | [Xom's mischief]
  1055 | D:2      | Reached skill level 1 in Conjurations
  1055 | D:2      | Reached skill level 1 in Hexes
  1055 | D:2      | Reached skill level 1 in Charms
  1055 | D:2      | Reached skill level 1 in Summonings
  1055 | D:2      | Reached skill level 1 in Necromancy
  1055 | D:2      | Reached skill level 1 in Translocations
  1055 | D:2      | Reached skill level 1 in Transmutations
  1055 | D:2      | Reached skill level 1 in Fire Magic
  1055 | D:2      | Reached skill level 1 in Ice Magic
  1055 | D:2      | Reached skill level 1 in Air Magic
  1055 | D:2      | Reached skill level 1 in Earth Magic
  1055 | D:2      | Reached skill level 1 in Poison Magic
  1103 | D:2      | XOM: silly message
  1155 | D:2      | XOM: butterfly on damage
  1258 | D:2      | XOM: scenery: create altars
  1385 | D:3      | Found a faded altar of an unknown god.
  1395 | D:2      | Reached XP level 5. HP: 43/47 MP: 6/6
  1575 | D:3      | Reached skill level 3 in Dodging
  1663 | D:3      | Noticed Grinder
  1681 | D:3      | Paralysed by Grinder for 4 turns
  1694 | D:2      | XOM: mild Necr miscast
  1913 | D:3      | XOM: god gift: 35 gold pieces
  1919 | D:3      | Noticed Ijyb
  1919 | D:3      | Paralysed by Ijyb for 6 turns
  1924 | D:3      | XOM: summons friendly white imp
  1928 | D:3      | Killed Ijyb
  1929 | D:3      | Noticed Terence
  1941 | D:3      | Killed Terence
  2014 | D:3      | Reached XP level 6. HP: 45/53 MP: 8/8
  2088 | D:3      | Killed Grinder
  2088 | D:3      | Reached skill level 5 in Armour
  2319 | D:4      | XOM: scenery: create altars
  2437 | D:4      | Noticed Pikel
  2437 | D:4      | Noticed a slave
  2437 | D:4      | Noticed a slave
  2455 | D:4      | XOM: confuse monster(s)
  2457 | D:4      | XOM: harmless Summ miscast
  2476 | D:4      | Noticed a slave
  2482 | D:4      | XOM: mild Necr miscast
  2484 | D:4      | Killed Pikel
  2484 | D:4      | Reached XP level 7. HP: 49/60 MP: 9/11
  2484 | D:4      | Reached XP level 8. HP: 55/67 MP: 9/12
  2488 | D:4      | XOM: harmless Fire miscast
  2769 | D:4      | XOM: god gift: scroll labeled KOOJOA YJAPALE {god gift}
  2864 | D:4      | Found Kois's Assorted Antiques.
  2872 | D:4      | Bought a scroll labeled JOYFIKHETZ for 32 gold pieces
  2872 | D:4      | Bought a puce potion for 28 gold pieces
  2872 | D:4      | Bought a scroll labeled JOYFIKHETZ for 32 gold pieces
  2872 | D:4      | Bought a scroll labeled NONIOX CIYSMI for 32 gold pieces
  2897 | D:4      | Reached skill level 4 in Dodging
  3133 | D:4      | XOM: give mutations
  3133 | D:4      | Gained mutation: You have a pair of small horns on your
                  | head. [Xom's mischief]
  3133 | D:4      | Lost mutation: Your body sometimes deteriorates upon taking
                  | damage. [Xom's mischief]
  3145 | D:5      | Entered Level 5 of the Dungeon
  3174 | D:5      | Noticed a shapeshifter
  3174 | D:5      | a worker ant changed into a shapeshifter
  3174 | D:5      | XOM: polymorph worker ant -> shapeshifter
  3174 | D:5      | Noticed a polar bear
  3174 | D:5      | a shapeshifter changed into a polar bear
  3191 | D:5      | a polar bear changed into an eye of draining
  3241 | D:5      | Found a staircase to the Ecumenical Temple.
  3267 | D:5      | Found a snail-covered altar of Cheibriados.
  3473 | D:5      | Found a glowing drain.
  3508 | Sewer    | Entered a sewer
  3529 | Sewer    | Noticed Purgy
  3530 | Sewer    | XOM: fog
  3538 | Sewer    | Killed Purgy
  3637 | Sewer    | XOM: 1-stop teleportation journey
  3722 | D:5      | XOM: confuse monster(s)
  3755 | D:5      | XOM: scenery: create altars
  3783 | D:5      | XOM: give mutation
  3783 | D:5      | Gained mutation: You are robust. (+10% HP) [Xom's grace]
  3794 | D:5      | XOM: torment (34/73 hp)
  3838 | D:5      | XOM: mild Pois miscast
  3907 | Temple   | Entered the Ecumenical Temple
  3917 | Temple   | XOM: harmless Chrm miscast
  3989 | D:6      | XOM: silly message
  4025 | D:6      | Found a sacrificial altar of Ru.
  4060 | D:6      | XOM: potion effect (berserk rage)
  4061 | D:6      | Reached skill level 5 in Dodging
  4135 | D:6      | Found a burning altar of Makhleb.
  4137 | D:6      | Found a sparkling altar of Nemelex Xobeh.
  4138 | D:6      | Found a radiant altar of Vehumet.
  4226 | D:6      | Learned a level 4 spell: Summon Lightning Spire
  4280 | D:6      | Reached XP level 9. HP: 56/79 MP: 14/14
  4419 | D:6      | XOM: noise
  4559 | D:6      | Noticed hitsuchi's ghost (novice OpVM)
  4564 | D:6      | Noticed a hornet
  4613 | D:6      | Found a transporter.
  4613 | D:6      | Found a transporter.
  4757 | D:6      | XOM: give mutations
  4757 | D:6      | Gained mutation: You are partially covered in large bone
                  | plates. (SH +4) [Xom's grace]
  4757 | D:6      | Gained mutation: You have a pair of horns on your head.
                  | [Xom's grace]
  4757 | D:6      | Gained mutation: Your muscles are strong. (Str +2) [Xom's
                  | grace]
  4757 | D:6      | Gained mutation: You have a pair of large horns on your
                  | head. [Xom's grace]
  4834 | D:6      | XOM: give mutation
  4834 | D:6      | Gained mutation: You possess an exceptional clarity of
                  | mind. [Xom's grace]
  5003 | D:7      | XOM: harmless Ice miscast
  5109 | D:7      | Found a transporter.
  5109 | D:7      | Found a transporter.
  5109 | D:7      | Noticed kandel6's ghost (novice BaSu)
  5337 | D:7      | Learned a level 2 spell: Passwall
  5357 | D:7      | XOM: 2-stop teleportation journey
  5510 | D:7      | Noticed a two-headed ogre
  5532 | D:7      | XOM: divine lightning
  5532 | D:7      | XOM: butterfly on damage
  5534 | D:7      | Killed a two-headed ogre
  5810 | D:8      | Noticed Psyche
  5815 | D:7      | Killed Psyche
  5815 | D:7      | Reached skill level 6 in Dodging
  5901 | D:8      | Found a shattered altar of Ashenzari.
  6056 | D:8      | Found a glowing silver altar of Zin.
  6120 | D:8      | Found a blossoming altar of Fedhas.
  6219 | D:8      | Reached skill level 5 in Invocations
  6676 | D:9      | XOM: god gift: 21 gold pieces
  6719 | D:9      | Reached XP level 10. HP: 88/88 MP: 15/17
  6721 | D:9      | XOM: 4-stop teleportation journey
  6753 | D:9      | XOM: 4-stop teleportation journey
  6986 | D:9      | Found a shimmering blue altar of Sif Muna.
  7032 | D:9      | Found a glowing golden altar of the Shining One.
  7108 | D:9      | Reached skill level 7 in Dodging
  7112 | D:9      | Reached skill level 5 in Short Blades
  7112 | D:9      | Reached skill level 5 in Long Blades
  7112 | D:9      | Reached skill level 5 in Axes
  7112 | D:9      | Reached skill level 5 in Polearms
  7112 | D:9      | Reached skill level 5 in Staves
  7112 | D:9      | Reached skill level 5 in Slings
  7112 | D:9      | Reached skill level 5 in Bows
  7112 | D:9      | Reached skill level 5 in Crossbows
  7112 | D:9      | Reached skill level 5 in Throwing
  7112 | D:9      | Reached skill level 5 in Stealth
  7112 | D:9      | Reached skill level 5 in Shields
  7112 | D:9      | Reached skill level 5 in Unarmed Combat
  7112 | D:9      | Reached skill level 5 in Spellcasting
  7112 | D:9      | Reached skill level 5 in Evocations
  7112 | D:9      | Noticed a two-headed ogre
  7157 | D:9      | XOM: summons friendly iron imp
  7207 | D:9      | XOM: scenery: create altars
  7405 | D:9      | XOM: fog
  7410 | D:9      | Killed a two-headed ogre
  7410 | D:9      | XOM: divine lightning
  7449 | D:10     | Entered Level 10 of the Dungeon
  7489 | D:10     | Found a staircase to the Lair.
  7489 | D:10     | XOM: 5-stop teleportation journey
  7496 | D:10     | XOM: give mutations
  7496 | D:10     | Gained mutation: You are agile. (Dex +2) [Xom's grace]
  7496 | D:10     | Gained mutation: Your system is resistant to poisons.
                  | (rPois) [Xom's grace]
  7496 | D:10     | Gained mutation: You passively map a small area around you.
                  | [Xom's grace]
  7599 | D:10     | XOM: divine lightning
  7608 | D:10     | Noticed an elephant
  7627 | D:10     | XOM: cleaving
  7640 | D:10     | XOM: confuse monster(s)
  7648 | D:10     | XOM: summons 3 friendly demons
  7652 | D:10     | Killed an elephant
  7862 | D:10     | Found a runed translucent door.
  7862 | D:10     | XOM: 3-stop teleportation journey
  7960 | D:10     | Found a runed translucent door.
  8069 | D:10     | XOM: 3-stop teleportation journey
  8070 | D:10     | Noticed a gargoyle
  8078 | D:10     | Noticed Fannar
  8097 | D:10     | XOM: confuse monster(s)
  8102 | D:10     | Killed Fannar
  8102 | D:10     | Reached skill level 8 in Dodging
  8102 | D:10     | Reached XP level 11. HP: 82/95 MP: 19/19
  8318 | D:10     | Found a staircase to the Orcish Mines.
  8324 | D:10     | XOM: summons friendly quasit
  8344 | D:10     | XOM: confuse monster(s)
  8345 | D:10     | XOM: divination: detect creatures
  8388 | D:10     | XOM: divine lightning
  8412 | D:10     | Reached skill level 5 in Conjurations
  8412 | D:10     | Reached skill level 5 in Hexes
  8412 | D:10     | Reached skill level 5 in Charms
  8412 | D:10     | Reached skill level 5 in Summonings
  8412 | D:10     | Reached skill level 5 in Necromancy
  8412 | D:10     | Reached skill level 5 in Translocations
  8412 | D:10     | Reached skill level 5 in Transmutations
  8412 | D:10     | Reached skill level 5 in Fire Magic
  8412 | D:10     | Reached skill level 5 in Ice Magic
  8412 | D:10     | Reached skill level 5 in Air Magic
  8412 | D:10     | Reached skill level 5 in Earth Magic
  8412 | D:10     | Reached skill level 5 in Poison Magic
  8484 | D:10     | XOM: god gift: steaming ring mail {god gift}
  8488 | D:10     | Got a steaming ring mail {god gift}
  8499 | D:10     | Identified the +4 ring mail "Waurchet" {+Blink rN+} (Xom
                  | gifted it to you on level 10 of the Dungeon)
  8538 | D:10     | XOM: potion effect (agility)
  8575 | D:10     | XOM: god gift: knobbly runed staff {god gift}
  8670 | D:10     | XOM: give mutations
  8670 | D:10     | Gained mutation: Your muscles are very strong. (Str +4)
                  | [Xom's grace]
  8670 | D:10     | Gained mutation: You have a somewhat thin skeletal
                  | structure. (Dex +2, Stealth) [Xom's grace]
  8670 | D:10     | Gained mutation: You have extremely sharp teeth. [Xom's
                  | grace]
  8670 | D:10     | Gained mutation: You are resistant to hostile enchantments.
                  | (MR+) [Xom's grace]
  8754 | D:11     | XOM: summons 5 friendly demons
  8799 | D:11     | XOM: enchant monster (good)
  8844 | D:11     | Noticed Josephine
  8950 | Lair:1   | Entered Level 1 of the Lair of Beasts
  9001 | Lair:1   | XOM: summons 5 friendly demons
  9006 | Lair:1   | XOM: confuse monster(s)
  9090 | Lair:1   | XOM: divination: magic mapping
  9097 | Lair:1   | XOM: summons 11 friendly demons
  9109 | Lair:1   | Reached skill level 9 in Dodging
  9324 | Lair:1   | Noticed a seven-headed hydra
  9334 | Lair:1   | Killed a seven-headed hydra
  9351 | Lair:1   | XOM: polymorph rime drake -> basilisk
  9420 | Lair:1   | XOM: polymorph basilisk -> human
  9638 | Lair:1   | XOM: god gift: 21 gold pieces
  9806 | Lair:2   | Noticed Gastronok
  9809 | Lair:2   | XOM: enchant monster (good)
  9940 | Lair:2   | XOM: summons 4 friendly demons
  9987 | Lair:2   | XOM: give mutations
  9987 | Lair:2   | Gained mutation: You evolve. [Xom's grace]
  9987 | Lair:2   | Gained mutation: You have razor-sharp teeth. [Xom's grace]
  9987 | Lair:2   | Gained mutation: You are very agile. (Dex +4) [Xom's grace]
  9987 | Lair:2   | Gained mutation: You expend magic power (3 MP) to
                  | strengthen your wands. [Xom's grace]
 10135 | Lair:3   | XOM: scenery: create altars
 10323 | Lair:3   | Got an obsidian-encrusted ring mail
 10334 | Lair:3   | Identified the +3 ring mail of Wagg {rCorr} (You found it
                  | on level 3 of the Lair of Beasts)
 10378 | Lair:3   | XOM: polymorph bullfrog -> wolf
 10379 | Lair:3   | XOM: summons friendly ufetubus
 10382 | Lair:3   | XOM: enchant monster (good)
 10395 | Lair:3   | Reached XP level 12. HP: 85/105 MP: 22/22
 10620 | Lair:3   | Found a runed translucent door.
 10620 | Lair:3   | Noticed a six-headed hydra
 10621 | Lair:3   | Noticed Befuwnopp's ghost (journeyman TrHu)
 10639 | Lair:3   | Reached skill level 10 in Dodging
 10639 | Lair:3   | Reached XP level 13. HP: 113/113 MP: 22/24
 10703 | Lair:3   | XOM: divination: magic mapping
 10886 | Lair:4   | Reached skill level 10 in Fighting
 10886 | Lair:4   | Reached skill level 10 in Maces & Flails
 10984 | Lair:4   | XOM: fake destruction
 11022 | Lair:4   | XOM: cloud trail
 11044 | Lair:4   | Gained mutation: Your spells are a little harder to cast,
                  | but a little more powerful. [evolution]
 11066 | Lair:4   | XOM: scenery: create altars
 11314 | Lair:4   | XOM: noise
 11380 | Lair:4   | XOM: cast spell 'Leda's Liquefaction'
 11381 | Lair:4   | Reached skill level 11 in Dodging
 11381 | Lair:4   | XOM: cleaving
 11388 | Lair:4   | XOM: enchant monster (good)
 11430 | Lair:4   | Found a staircase to the Shoals.
 11469 | Lair:4   | Found a hole to the Spider Nest.
 11498 | Lair:4   | XOM: give mutations
 11498 | Lair:4   | Lost mutation: Your system is resistant to poisons. (rPois)
                  | [Xom's mischief]
 11498 | Lair:4   | Lost mutation: Your muscles are very strong. (Str +4)
                  | [Xom's mischief]
 11498 | Lair:4   | Lost mutation: You have a pair of large horns on your head.
                  | [Xom's mischief]
 11498 | Lair:4   | Lost mutation: You are robust. (+10% HP) [Xom's mischief]
 12115 | Lair:5   | XOM is BORED!
 12115 | Lair:5   | XOM: give mutation
 12115 | Lair:5   | Lost mutation: Your muscles are strong. (Str +2) [Xom's
                  | mischief]
 12263 | Lair:6   | Entered Level 6 of the Lair of Beasts
 12268 | Lair:6   | XOM: enchant monster (good)
 12271 | Lair:6   | XOM: fake destruction
 12385 | Lair:6   | Found a staircase to the Slime Pits.
 12385 | Lair:6   | Found a viscous altar of Jiyva.
 12494 | Lair:6   | XOM: god gift: 16 bolts
 12510 | Lair:6   | XOM: scenery: create altars
 12577 | Lair:6   | XOM: 1-stop teleportation journey
 12734 | Lair:6   | XOM: harmless Necr miscast
 12759 | Lair:6   | Reached XP level 14. HP: 98/111 MP: 26/26
 12904 | Lair:6   | XOM: swap monsters
 13018 | Lair:6   | XOM: blink monster(s)
 13019 | Lair:6   | XOM: mild Chrm miscast
 13042 | Lair:6   | XOM: harmless Chrm miscast
 13158 | Lair:6   | XOM: swap monsters
 13172 | Lair:6   | XOM: harmless Hex miscast
 13351 | Lair:6   | XOM: chaos cloud
 13363 | Lair:6   | Reached skill level 12 in Dodging
 13423 | Lair:6   | XOM: summons 3 hostile demons
 13431 | Lair:6   | XOM: summons friendly crimson imp
 13433 | Lair:6   | XOM: cast spell 'Cause Fear'
 13436 | Lair:6   | XOM: summons friendly white imp
 13445 | Lair:6   | XOM: fog
 13457 | Lair:6   | Reached skill level 10 in Armour
 13459 | Lair:6   | XOM: destruction
 13486 | Lair:6   | XOM: noise
 13559 | Lair:6   | XOM: god gift: chain mail {god gift}
 13902 | Orc:1    | Entered Level 1 of the Orcish Mines
 13902 | Orc:1    | Found Sumahoci's Assorted Antiques.
 13903 | Orc:1    | Fell from the grace of Xom
 14018 | Orc:1    | Found Estripte's Distillery.
 14018 | Orc:1    | Noticed Sonja
 14030 | Orc:1    | Killed Sonja
 14172 | Orc:2    | Entered Level 2 of the Orcish Mines
 14696 | Orc:1    | Lost mutation: Scrolls take you a little longer to read.
                  | [evolution]
 15236 | Orc:1    | XOM: mild Hex miscast
 15915 | Orc:2    | Found an iron altar of Okawaru.
 15926 | Orc:2    | Found a staircase to the Elven Halls.
 16158 | Orc:2    | Found Zalut's Jewellery Shoppe.
 16158 | Orc:2    | Found Panaf's Antique Armour Shoppe.
 16159 | Orc:2    | Found Qeojeref's Food Emporium.
 16162 | Orc:2    | Found Vuocvuwn's Distillery.
 16257 | Orc:1    | Found Hezxoumm's Weapon Shoppe.
 16769 | Orc:1    | Reached skill level 10 in Invocations
 16774 | Orc:1    | Found Zuno's Jewellery Shop.
 16779 | Orc:1    | Found Vuvag's Jewellery Boutique.
 17066 | D:11     | XOM: noise
 17336 | D:11     | XOM: scenery: 1 doors close
 17512 | D:11     | Killed Josephine
 17659 | D:11     | Found Xem Utuxits's Gadget Boutique.
 17803 | D:11     | XOM: scenery: 3 doors close
 18168 | D:12     | Reached XP level 15. HP: 119/119 MP: 28/28
 18178 | D:12     | XOM: mild Fire miscast
 18496 | D:12     | Noticed Erolcha
 18506 | D:12     | Killed Erolcha
 18695 | D:12     | Noticed Urug
 18706 | D:12     | Killed Urug
 19268 | D:13     | Reached skill level 13 in Dodging
 19461 | D:13     | XOM: 1-stop teleportation journey
 19611 | D:13     | Identified the -4 cloak of the Desert {rN+ rCorr Stlth+}
                  | (You found it on level 13 of the Dungeon)
 19673 | D:13     | Found a gate to the Vaults.
 19761 | D:13     | Cast into level 3 of the Abyss (Xom)
 19761 | Abyss:3  | Found a corrupted altar of Lugonu.
 19794 | Abyss:3  | Got a scorched flail
 19810 | Abyss:3  | XOM: give mutation
 19810 | Abyss:3  | Lost mutation: You are resistant to hostile enchantments.
                  | (MR+) [Xom's mischief]
 19841 | D:13     | Escaped the Abyss
 20841 | D:14     | You fall into a shaft and drop 1 floor!
 20841 | D:15     | Entered Level 15 of the Dungeon
 20842 | D:15     | Noticed Azrael
 20864 | D:15     | XOM: swap monsters
 20986 | D:14     | Found a snail-covered altar of Cheibriados.
 21224 | D:13     | XOM: summons 3 hostile shadow creatures
 21243 | D:13     | XOM: severe Tloc miscast
 21533 | D:13     | Gained mutation: You have a pair of large horns on your
                  | head. [evolution]
 21878 | D:13     | Reached skill level 10 in Short Blades
 21878 | D:13     | Reached skill level 10 in Long Blades
 21878 | D:13     | Reached skill level 10 in Axes
 21878 | D:13     | Reached skill level 10 in Polearms
 21878 | D:13     | Reached skill level 10 in Staves
 21878 | D:13     | Reached skill level 10 in Slings
 21878 | D:13     | Reached skill level 10 in Bows
 21878 | D:13     | Reached skill level 10 in Crossbows
 21878 | D:13     | Reached skill level 10 in Throwing
 21878 | D:13     | Reached skill level 10 in Stealth
 21878 | D:13     | Reached skill level 10 in Shields
 21878 | D:13     | Reached skill level 10 in Unarmed Combat
 21878 | D:13     | Reached skill level 10 in Spellcasting
 21878 | D:13     | Reached skill level 10 in Evocations
 22217 | D:15     | Noticed Roxanne
 22222 | D:15     | XOM: noise
 23039 | D:15     | Found Udusih's Book Boutique.
 23073 | D:15     | Identified the cursed +0 flail of Disorder {flame, *Noise
                  | MP+9 Str-2 Dex+10} (You found it on level 3 of the Abyss)
 23078 | D:15     | XOM: mild Conj miscast
 23089 | D:15     | Learned a level 2 spell: Swiftness
 23124 | D:15     | Noticed Agnes
 23133 | D:15     | Found a staircase to the Depths.
 23167 | D:14     | Killed Agnes
 23405 | D:14     | Reached XP level 16. HP: 114/127 MP: 30/30
 23456 | D:14     | Killed Azrael
 24240 | D:15     | Found Udusih's Book Boutique.
 24257 | D:15     | Found a staircase to the Depths.
 24931 | D:7      | Killed kandel6's ghost
 25293 | D:6      | Killed hitsuchi's ghost
 25549 | Spider:1 | Entered Level 1 of the Spider Nest
 25590 | Spider:1 | Reached skill level 14 in Dodging
 25975 | Spider:1 | Noticed Louise
 26002 | Spider:1 | Killed Louise
 27283 | Spider:2 | XOM: polymorph redback -> death drake
 27321 | Spider:2 | Noticed Arachne
 27389 | Spider:2 | Killed Arachne
 27680 | Spider:2 | Noticed Aizul
 28076 | Spider:2 | Killed Aizul
 28096 | Spider:2 | XOM: summons 3 hostile shadow creatures
 28205 | Spider:1 | XOM: summons 2 hostile demons
 28732 | Spider:3 | Identified a scroll of acquirement
 28757 | Spider:3 | XOM: 4-stop teleportation journey
 28924 | Spider:2 | XOM: stat loss: -1 Int (16/17)
 29305 | Spider:2 | XOM: medium Chrm miscast
 29583 | Spider:3 | XOM: give mutations
 29583 | Spider:3 | Lost mutation: You expend magic power (3 MP) to strengthen
                  | your wands. [Xom's mischief]
 29583 | Spider:3 | Gained mutation: You occasionally shout uncontrollably at
                  | your foes. [Xom's mischief]
 29583 | Spider:3 | Lost mutation: Your spells are a little harder to cast, but
                  | a little more powerful. [Xom's mischief]
 29583 | Spider:3 | Lost mutation: You have a somewhat thin skeletal structure.
                  | (Dex +2, Stealth) [Xom's mischief]
 29908 | Spider:4 | Entered Level 4 of the Spider Nest
 29952 | Spider:3 | XOM: medium Chrm miscast
 30171 | Spider:3 | Reached XP level 17. HP: 100/135 MP: 30/32
 30808 | Spider:3 | XOM: draining
 31368 | Spider:4 | XOM: give mutations
 31368 | Spider:4 | Lost mutation: You have a pair of large horns on your head.
                  | [Xom's mischief]
 31368 | Spider:4 | Gained mutation: Your body sometimes deteriorates upon
                  | taking damage. [Xom's mischief]
 31368 | Spider:4 | Lost mutation: You possess an exceptional clarity of mind.
                  | [Xom's mischief]
 31368 | Spider:4 | Gained mutation: You are frail. (-10% HP) [Xom's mischief]
 32369 | Spider:4 | Reached skill level 15 in Dodging
 33173 | Spider:4 | XOM: summons 6 hostile demons
 34698 | Spider:4 | Got a gossamer rune of Zot
 34959 | Lair:2   | Was forgiven by Xom
 35087 | Lair:3   | Became a worshipper of Xom of Chaos
 35247 | Lair:2   | XOM: harmless Fire miscast
 35437 | Lair:2   | XOM: harmless Air miscast
 35539 | Lair:2   | XOM: scenery: create altars
 35560 | Lair:2   | XOM: divination: detect creatures
 35579 | Lair:2   | Killed Gastronok
 35823 | Lair:2   | XOM: harmless Conj miscast
 36005 | Lair:3   | XOM: cleaving
 36061 | Lair:3   | XOM: potion effect (heal wounds)
 36065 | Lair:3   | Killed Befuwnopp's ghost
 36110 | Lair:3   | XOM: give mutations
 36110 | Lair:3   | Gained mutation: Your flesh is heat resistant. (rF+) [Xom's
                  | grace]
 36110 | Lair:3   | Gained mutation: Your mind is acute. (Int +2) [Xom's grace]
 36236 | Shoals:1 | Entered Level 1 of the Shoals
 36236 | Shoals:1 | Found Niovurgh's Needful Niceties.
 36240 | Lair:4   | XOM: cleaving
 36313 | Shoals:1 | XOM: fog
 36475 | Shoals:1 | XOM: scenery: create altars
 36476 | Shoals:1 | XOM: confusion (+ monsters)
 36804 | Shoals:1 | XOM: give mutations
 36804 | Shoals:1 | Lost mutation: Your body sometimes deteriorates upon taking
                  | damage. [Xom's mischief]
 36804 | Shoals:1 | Lost mutation: You passively map a small area around you.
                  | [Xom's mischief]
 36804 | Shoals:1 | Lost mutation: You are frail. (-10% HP) [Xom's mischief]
 36867 | Shoals:1 | Killed from afar by a water nymph

Levels and vault maps discovered:
D:1:      matt_arrival_refuge, layout_basic
D:2:      layout_loops_ring, first_ration
D:3:      layout_basic, chequers_ecumenical_altar_simple, uniq_grinder,
          uniq_ijyb, uniq_terence
D:4:      layout_basic, serial_shops, shop, minmay_manual_mullet, uniq_pikel
D:5:      layout_rooms, minmay_temple_entry_sparse_star, gup_sewer_entry_pipe,
          cheibrodos_worm_habitat
D:6:      nicolae_whirlpool, layout_loops_ring, nicolae_ru_sacrificial_ziggurat,
          chequers_temple_overflow_statue_of_worship, gammafunk_ghost_hive
D:7:      layout_loops_corners, gammafunk_ghost_mausoleum
D:8:      layout_basic, lemuel_crystal_altar, zin_academy,
          nicolae_overflow_crystal_walls, uniq_psyche
D:9:      layout_rooms, nicolae_tso_besieged_by_evil, lemuel_round_altar
D:10:     lemuel_insect_pit, layout_loops_cross, david_lair_generic,
          kennysheep_orc_monster_closet_entryway, uniq_fannar
D:11:     layout_stronghold, serial_shops, shop, uniq_josephine
D:12:     layout_stronghold, uniq_urug, uniq_erolcha
D:13:     cheibrodos_wizards_tower, layout_small_grid, david_vaults_5
D:14:     layout_roguey, kennysheep_pointless_box, basic_altar
D:15:     hangedman_depths_entry_civil_slaughter, layout_small_grid,
          serial_shops, nicolae_shop_crystal, serial_bayou_pond_e, uniq_agnes,
          uniq_roxanne, uniq_azrael
Temple:   cyrus_circular_temple
Lair:1:   layout_chaotic_city, worms_lemuel, grunt_megastairs_1
Lair:2:   layout_hall_layers, serial_rivers, chequers_serial_rivers_micro_a,
          chequers_serial_rivers_small_a, chequers_serial_rivers_large_a,
          chequers_serial_rivers_small_3, serial_bayou_lake_a, uniq_gastronok
Lair:3:   layout_cave_pods, ebering_ghost_inner_flame,
          chequers_serial_rivers_marsh
Lair:4:   layout_gridlike, minmay_shoals_entry_beasts, spider_nest_entry_rubble,
          cheibrodos_lair_reptile_den
Lair:5:   dpeg_oklob_gauntlet, layout_misc_corridors, lemuel_fruit_fields,
          grunt_megastairs_4
Lair:6:   minmay_lair_end_enchanted_forest, layout_long_grid, slime_altar_1
Shoals:1: layout_shoals, nicolae_alphabet_shops
Spider:1: layout_spider_delve, uniq_louise
Spider:2: layout_spider_delve, uniq_aizul, uniq_arachne
Spider:3: layout_spider_delve
Spider:4: grunt_spider_rune_circles
Orc:1:    layout_caves, serial_shops, shop, nicolae_shop_overgrown_old_shop,
          shop, shop, shop_fountains, uniq_sonja
Orc:2:    st_orc_mages, layout_caves, okawaru_metal_pillars_3

Skill      XL: |  1  2  3  4  5  6  7  8  9 10 11 12 13 14 15 16 17 |
---------------+----------------------------------------------------+-----
Invocations    | 1 3 4 5 6 7 8 9 10 11 12 | 12.3
Short Blades   | 1 2 3 4 5 6 7 8 9 10 11 | 11.4
Long Blades    | 1 2 3 4 5 6 7 8 9 10 11 | 11.4
Axes           | 1 2 3 4 5 6 7 8 9 10 11 | 11.4
Polearms       | 1 2 3 4 5 6 7 8 9 10 11 | 11.4
Staves         | 1 2 3 4 5 6 7 8 9 10 11 | 11.4
Slings         | 1 2 3 4 5 6 7 8 9 10 11 | 11.4
Bows           | 1 2 3 4 5 6 7 8 9 10 11 | 11.4
Crossbows      | 1 2 3 4 5 6 7 8 9 10 11 | 11.4
Throwing       | 1 2 3 4 5 6 7 8 9 10 11 | 11.4
Stealth        | 1 2 3 4 5 6 7 8 9 10 11 | 11.4
Shields        | 1 2 3 4 5 6 7 8 9 10 11 | 11.4
Unarmed Combat | 1 2 3 4 5 6 7 8 9 10 11 | 11.4
Spellcasting   | 1 2 3 4 5 6 7 8 9 10 11 | 11.4
Evocations     | 1 2 3 4 5 6 7 8 9 10 11 | 11.4
Conjurations   | 1 2 3 4 5 6 7 8 9 |  9.7
Hexes          | 1 2 3 4 5 6 7 8 9 |  9.7
Charms         | 1 2 3 4 5 6 7 8 9 |  9.7
Summonings     | 1 2 3 4 5 6 7 8 9 |  9.7
Necromancy     | 1 2 3 4 5 6 7 8 9 |  9.7
Translocations | 1 2 3 4 5 6 7 8 9 |  9.7
Transmutations | 1 2 3 4 5 6 7 8 9 |  9.7
Fire Magic     | 1 2 3 4 5 6 7 8 9 |  9.7
Ice Magic      | 1 2 3 4 5 6 7 8 9 |  9.7
Air Magic      | 1 2 3 4 5 6 7 8 9 |  9.7
Earth Magic    | 1 2 3 4 5 6 7 8 9 |  9.7
Poison Magic   | 1 2 3 4 5 6 7 8 9 |  9.7
Dodging        | 3 5 6 8 9 10 11 12 13 14 15 | 15.3
Armour         | 5 6 7 8 9 10 12 13 14 | 14.0
Fighting       | 7 8 9 10 11 12 | 12.9
Maces & Flails | 7 8 9 10 11 12 | 12.9

Action                   |  1- 3 |  4- 6 |  7- 9 | 10-12 | 13-15 | 16-18 || total
-------------------------+-------+-------+-------+-------+-------+-------++-------
Melee: Mace              |    52 |       |       |       |       |       ||    52
       Bite              |     8 |    11 |    29 |    58 |   222 |   151 ||   479
       Short sword       |    20 |   144 |   259 |   267 |       |       ||   690
       Headbutt          |       |       |    32 |   107 |   411 |   274 ||   824
       Punch             |       |       |     3 |       |       |       ||     3
       Unarmed           |       |       |       |    75 |       |       ||    75
       Morningstar       |       |       |       |    50 |  1482 |   658 ||  2190
       Spear             |       |       |       |    28 |       |       ||    28
       Eveningstar       |       |       |       |       |       |   378 ||   378
Throw: Dart              |       |    30 |    27 |    38 |    26 |    82 ||   203
       Javelin           |       |       |       |     4 |     7 |       ||    11
 Cast: Summon Lightning  |       |       |       |       |     6 |    25 ||    31
Invok: Renounce Religion |       |       |       |       |     1 |       ||     1
 Abil: Evoke Blink       |       |       |       |       |     4 |    10 ||    14
Evoke: Wand              |       |       |     1 |     2 |     1 |     4 ||     8
  Use: Scroll            |       |       |    15 |    12 |    12 |     7 ||    46
       Potion            |       |       |       |     1 |       |     7 ||     8
 Stab: Petrifying        |     1 |       |       |       |       |       ||     1
       Distracted        |       |     2 |     1 |     2 |     8 |     5 ||    18
       Sleeping          |       |       |     7 |     9 |    27 |    10 ||    53
       Confused          |       |       |       |     6 |       |       ||     6
       Petrified         |       |       |       |     3 |       |       ||     3
       Held in net/web   |       |       |       |       |       |     7 ||     7
  Eat: Chunk             |       |     5 |    11 |    10 |    33 |     9 ||    68
       Ration            |       |       |     1 |     1 |     4 |    10 ||    16
Armor: Leather armour    |    17 |       |       |       |       |       ||    17
       Scale mail        |     2 |    58 |       |       |       |       ||    60
       Ring mail         |       |     1 |    95 |    61 |   268 |   276 ||   701
       Skin              |       |       |       |       |       |    44 ||    44
Dodge: Dodged            |    39 |    79 |   146 |   118 |   822 |   834 ||  2038
Block: Shield            |       |       |    24 |   249 |  1575 |  1344 ||  3192
       Other             |       |       |     6 |       |       |       ||     6
       Reflection        |       |       |       |       |    24 |    15 ||    39
